FCL
FCL KANSAS CITY ROYALS @ FCL TAMPA BAY RAYS
06/05/2042
 
TOP OF THE 1ST
FCL Kansas City Royals batting - Pitching for FCL Tampa Bay Rays : RHP José Olivas
Pitching: RHP José Olivas
Batting: RHB Jorge Gómez 0-0: Ball
1-0: Called Strike
1-1: Swinging Strike
1-2: Ball
2-2: Foul Ball, location: 2F
2-2: Strikes out swinging
Batting: RHB Ángelo Maes 0-0: Called Strike
0-1: Ball
1-1: Ground out 4-3 (Groundball, 4, EV 88.8 MPH)
Batting: RHB Jayson Navarro 0-0: Swinging Strike
0-1: Fly out, F9 (Flyball, 9D, EV 108.8 MPH)
Top of the 1st over - 0 runs, 0 hits, 0 errors, 0 left on base; FCL Kansas City 0 - FCL Tampa Bay 0
BOTTOM OF THE 1ST
FCL Tampa Bay Rays batting - Pitching for FCL Kansas City Royals : RHP Rob Harper
Pitching: RHP Rob Harper
Batting: RHB José Martínez 0-0: Ball
1-0: Called Strike
1-1: Called Strike
1-2: Ball
2-2: Strikes out swinging
Batting: RHB Rameshchandra Gupte 0-0: Swinging Strike
0-1: Called Strike
0-2: Ball
1-2: Ball
2-2: Foul Ball, location: 2F
2-2: Foul Ball, location: 2F
2-2: Foul Ball, location: 2F
2-2: Ball
3-2: Ground out 5-3 (Groundball, 56, EV 108.1 MPH)
Batting: RHB José Martínez 0-0: Foul Ball, location: 9LDF
0-1: Ball
1-1: Ball
2-1: Foul Ball, location: 2F
2-2: Strikes out swinging
Bottom of the 1st over - 0 runs, 0 hits, 0 errors, 0 left on base; FCL Kansas City 0 - FCL Tampa Bay 0
TOP OF THE 2ND
FCL Kansas City Royals batting - Pitching for FCL Tampa Bay Rays : RHP José Olivas
Batting: RHB Billy Sims 0-0: Ball
1-0: Ball
2-0: Called Strike
2-1: Ball
3-1: Base on Balls
Batting: RHB Jorge Rivera 0-0: Called Strike
0-1: Ball
1-1: Foul Ball, location: 3F
1-2: Foul Ball, location: 3F
1-2: Ball
2-2: Foul Ball, location: 9LDF
2-2: Ball
3-2: Foul Ball, location: 2RF
3-2: 2-RUN HOME RUN (Flyball, 9D, EV 100.6 MPH), Distance : 413 ft
Batting: LHB Jeff Bradford 0-0: Ball
1-0: Foul Ball, location: 23F
1-1: Called Strike
1-2: Ball
2-2: Ball
3-2: Strikes out looking
Batting: RHB Adrián Silva 0-0: Called Strike
0-1: Ball
1-1: Foul Ball, location: 5F
1-2: Ball
2-2: Foul Ball, location: 3FF
2-2: Ball
3-2: Strikes out swinging
Batting: RHB Mike Shaw 0-0: Called Strike
0-1: Ball
1-1: Swinging Strike
1-2: Strikes out swinging
Top of the 2nd over - 2 runs, 1 hit, 0 errors, 0 left on base; FCL Kansas City 2 - FCL Tampa Bay 0
BOTTOM OF THE 2ND
FCL Tampa Bay Rays batting - Pitching for FCL Kansas City Royals : RHP Rob Harper
Batting: RHB Jim Lloyd 0-0: Ball
1-0: Called Strike
1-1: Foul Ball, location: 5F
1-2: Strikes out swinging
Batting: LHB Edgar Herrera 0-0: TRIPLE (Flyball, 8RXD, EV 93.1 MPH)
Batting: RHB Pat Meyer 0-0: Called Strike
0-1: Ball
1-1: Foul Ball, location: 23FF
1-2: Foul Ball, location: 2F
1-2: Ground out 4-3 (Groundball, 4, EV 75.6 MPH)
Edgar Herrera scores
Batting: RHB Vaughan Doig 0-0: SINGLE (Groundball, 4MD, EV 101.9 MPH)
Batting: LHB Alex Kirby 0-0: Called Strike
0-1: Swinging Strike
0-2: Ball
1-2: Strikes out swinging
Bottom of the 2nd over - 1 run, 2 hits, 0 errors, 1 left on base; FCL Kansas City 2 - FCL Tampa Bay 1
TOP OF THE 3RD
FCL Kansas City Royals batting - Pitching for FCL Tampa Bay Rays : RHP José Olivas
Batting: RHB Jesús Reyes 0-0: Ground out 4-3 (Groundball, 4MD, EV 99.4 MPH)
Batting: RHB Jorge Gómez 0-0: Fly out, F4 (Flyball, 34D, EV 96.9 MPH)
Batting: RHB Ángelo Maes 0-0: Ball
1-0: Ball
2-0: Called Strike
2-1: Ball
3-1: Called Strike
3-2: Base on Balls
Batting: RHB Jayson Navarro 0-0: Ball
Ángelo Maes is caught stealing 2nd base 2-4
Top of the 3rd over - 0 runs, 0 hits, 0 errors, 0 left on base; FCL Kansas City 2 - FCL Tampa Bay 1
BOTTOM OF THE 3RD
FCL Tampa Bay Rays batting - Pitching for FCL Kansas City Royals : RHP Rob Harper
Batting: RHB Juan Valentín 0-0: Ball
1-0: Ball
2-0: Foul Ball, location: 5FF
2-1: Ball
3-1: Foul Ball, location: 23FF
3-2: Ground out 4-3 (Groundball, 4, EV 88.1 MPH)
Batting: RHB José Martínez 0-0: SINGLE (Flyball, 6D, EV 90.6 MPH)
Batting: RHB Rameshchandra Gupte 0-0: Grounds into double play, 5-4-3 (Groundball, 56S, EV 83.1 MPH)
Bottom of the 3rd over - 0 runs, 1 hit, 0 errors, 0 left on base; FCL Kansas City 2 - FCL Tampa Bay 1
TOP OF THE 4TH
FCL Kansas City Royals batting - Pitching for FCL Tampa Bay Rays : RHP José Olivas
Batting: RHB Jayson Navarro 0-0: Called Strike
0-1: Called Strike
0-2: Foul Ball, location: 7LSF
0-2: Ball
1-2: Ball
2-2: Ball
3-2: Foul Ball, location: 5SF
3-2: Foul Ball, location: 23F
3-2: Ground out 4-3 (Groundball, 4MD, EV 96.9 MPH)
Batting: RHB Billy Sims 0-0: SOLO HOME RUN (Flyball, 9D, EV 103.8 MPH), Distance : 410 ft
Batting: RHB Jorge Rivera 0-0: Ball
1-0: Ball
2-0: Foul Ball, location: 2RF
2-1: Foul Ball, location: 9LMF
2-2: Ball
3-2: SOLO HOME RUN (Flyball, 9D, EV 107.5 MPH), Distance : 415 ft
Batting: LHB Jeff Bradford 0-0: Called Strike
0-1: Swinging Strike
0-2: Foul Ball, location: 5F
0-2: Foul Ball, location: 3FF
0-2: Strikes out swinging
Batting: RHB Adrián Silva 0-0: Ball
1-0: Foul Ball, location: 9LSF
1-1: Foul Ball, location: 9LSF
1-2: Strikes out swinging
Top of the 4th over - 2 runs, 2 hits, 0 errors, 0 left on base; FCL Kansas City 4 - FCL Tampa Bay 1
BOTTOM OF THE 4TH
FCL Tampa Bay Rays batting - Pitching for FCL Kansas City Royals : RHP Rob Harper
Batting: RHB José Martínez 0-0: Called Strike
0-1: Ground out 4-3 (Groundball, 4S, EV 71.9 MPH)
Batting: RHB Jim Lloyd 0-0: Ball
1-0: Called Strike
1-1: Swinging Strike
1-2: Fly out, F7 (Flyball, 7S, EV 83.1 MPH)
Batting: LHB Edgar Herrera 0-0: Ball
1-0: Called Strike
1-1: Ball
2-1: Foul Ball, location: 23F
2-2: Strikes out looking
Bottom of the 4th over - 0 runs, 0 hits, 0 errors, 0 left on base; FCL Kansas City 4 - FCL Tampa Bay 1
TOP OF THE 5TH
FCL Kansas City Royals batting - Pitching for FCL Tampa Bay Rays : RHP José Olivas
Batting: RHB Mike Shaw 0-0: DOUBLE (Line Drive, 78M, EV 90.6 MPH)
Batting: RHB Jesús Reyes 0-0: Ball
1-0: Sac Bunt to 2L - play at first, batter OUT! 2-4
Mike Shaw to third
Pitching: RHP Kade Johnson
Batting: RHB Jorge Gómez 0-0: Called Strike
0-1: Ball
1-1: Fly out, F7 (Flyball, 7, EV 86.3 MPH)
Runner from 3rd tags up, SCORES, throw by LF
Batting: RHB Ángelo Maes 0-0: Fly out, F8 (Line Drive, 8LM, EV 90.6 MPH)
Top of the 5th over - 1 run, 1 hit, 0 errors, 0 left on base; FCL Kansas City 5 - FCL Tampa Bay 1
BOTTOM OF THE 5TH
FCL Tampa Bay Rays batting - Pitching for FCL Kansas City Royals : RHP Rob Harper
Batting: RHB Pat Meyer 0-0: Called Strike
0-1: Ball
1-1: Foul Ball, location: 2F
1-2: Ball
2-2: Ball
3-2: Foul Ball, location: 3SF
3-2: TRIPLE (Flyball, 78XD, EV 106.3 MPH)
Batting: RHB Vaughan Doig Balk!
Pat Meyer scores
0-0: Ground out 1-3 (Groundball, 34S, EV 63.1 MPH)
Batting: LHB Alex Kirby 0-0: Called Strike
0-1: Ball
1-1: Foul Ball, location: 9LMF
1-2: Strikes out swinging
Batting: RHB Juan Valentín 0-0: Called Strike
0-1: Ball
1-1: Ball
2-1: Ball
3-1: Swinging Strike
3-2: Strikes out swinging
Bottom of the 5th over - 1 run, 1 hit, 0 errors, 0 left on base; FCL Kansas City 5 - FCL Tampa Bay 2
TOP OF THE 6TH
FCL Kansas City Royals batting - Pitching for FCL Tampa Bay Rays : RHP Kade Johnson
Batting: RHB Jayson Navarro 0-0: Ball
1-0: Ball
2-0: Ball
3-0: Called Strike
3-1: Base on Balls
Batting: RHB Billy Sims 0-0: Called Strike
0-1: Ball
1-1: DOUBLE (Flyball, 8LXD, EV 104.4 MPH)
Jayson Navarro to third
Batting: RHB Jorge Rivera 0-0: Called Strike
0-1: Called Strike
0-2: 3-RUN HOME RUN (Flyball, 7D, EV 98.1 MPH), Distance : 374 ft
Pitching: RHP Eddie Gibson
Batting: LHB Jeff Bradford 0-0: Ball
1-0: Swinging Strike
1-1: Called Strike
1-2: Ball
2-2: Ball
3-2: Base on Balls
Batting: RHB Adrián Silva 0-0: Ball
1-0: Ball
2-0: Called Strike
2-1: Fly out, F9 (Flyball, 9LS, EV 95.0 MPH)
Batting: RHB Mike Shaw 0-0: Called Strike
0-1: Ball
1-1: Swinging Strike
1-2: Foul Ball, location: 2RF
1-2: Ball
2-2: Strikes out looking
Batting: RHB Jesús Reyes 0-0: Ball
Jeff Bradford is caught stealing 2nd base 2-4
Top of the 6th over - 3 runs, 2 hits, 0 errors, 0 left on base; FCL Kansas City 8 - FCL Tampa Bay 2
BOTTOM OF THE 6TH
FCL Tampa Bay Rays batting - Pitching for FCL Kansas City Royals : RHP Rob Harper
Batting: RHB José Martínez 0-0: Ball
1-0: Fly out, F7 (Flyball, 7LM, EV 96.3 MPH)
Batting: RHB Rameshchandra Gupte 0-0: Called Strike
0-1: Ball
1-1: Foul Ball, location: 3FF
1-2: Foul Ball, location: 2F
1-2: Strikes out looking
Batting: RHB José Martínez 0-0: Foul Ball, location: 2F
0-1: Ball
1-1: Called Strike
1-2: SOLO HOME RUN (Flyball, 8LXD, EV 110.0 MPH), Distance : 458 ft
Batting: RHB Jim Lloyd 0-0: Called Strike
0-1: Called Strike
0-2: Strikes out swinging
Bottom of the 6th over - 1 run, 1 hit, 0 errors, 0 left on base; FCL Kansas City 8 - FCL Tampa Bay 3
TOP OF THE 7TH
FCL Kansas City Royals batting - Pitching for FCL Tampa Bay Rays : RHP Eddie Gibson
Batting: RHB Jesús Reyes 0-0: Foul Ball, location: 9LSF
0-1: Ball
1-1: Ball
2-1: Foul Ball, location: 23F
2-2: SINGLE (Line Drive, 78S, EV 102.5 MPH)
Batting: RHB Jorge Gómez 0-0: Foul Ball, location: 25F
0-1: Ball
Jesús Reyes steals 2nd base
1-1: Ball
2-1: Foul Ball, location: 7LMF
2-2: Ball
3-2: Foul Ball, location: 9LMF
3-2: Foul Ball, location: 2F
3-2: Base on Balls
Batting: RHB Ángelo Maes 0-0: Called Strike
0-1: Ball
1-1: Ball
2-1: Ball
3-1: Fly out, F4 (Line Drive, 4, EV 66.3 MPH)
Batting: RHB Jayson Navarro 0-0: Called Strike
0-1: Foul Ball, location: 9LDF
0-2: Ball
1-2: Foul Ball, location: 9LDF
1-2: Ball
2-2: Ball
3-2: 3-RUN HOME RUN (Flyball, 89XD, EV 111.3 MPH), Distance : 450 ft
Pinch Hitting: LHB Jimmy Prince 0-0: Ball
1-0: Ball
2-0: Ground out U3 (Groundball, 34, EV 85.0 MPH)
Batting: RHB Jorge Rivera 0-0: Ball
1-0: Ball
2-0: Called Strike
2-1: Ball
3-1: Base on Balls
Batting: LHB Jeff Bradford 0-0: Ball
1-0: Swinging Strike
1-1: Foul Ball, location: 7LMF
1-2: Foul Ball, location: 5F
1-2: Strikes out looking
Top of the 7th over - 3 runs, 2 hits, 0 errors, 1 left on base; FCL Kansas City 11 - FCL Tampa Bay 3
BOTTOM OF THE 7TH
FCL Tampa Bay Rays batting - Pitching for FCL Kansas City Royals : RHP Rob Harper
Now at 2B: Jimmy Prince
Batting: LHB Edgar Herrera 0-0: Foul Ball, location: 7LDF
0-1: Foul Ball, location: 25F
0-2: Strikes out swinging
Pinch Hitting: RHB Jorge Figueroa 0-0: Called Strike
0-1: Ball
1-1: Foul Ball, location: 7LDF
1-2: Ball
2-2: Strikes out swinging
Batting: RHB Vaughan Doig 0-0: Foul Ball, location: 2F
0-1: Fly out, F9 (Flyball, 89S, EV 91.3 MPH)
Bottom of the 7th over - 0 runs, 0 hits, 0 errors, 0 left on base; FCL Kansas City 11 - FCL Tampa Bay 3
TOP OF THE 8TH
FCL Kansas City Royals batting - Pitching for FCL Tampa Bay Rays : RHP Eddie Gibson
Now in CF: Jorge Figueroa
Batting: RHB Adrián Silva 0-0: Ball
1-0: Foul Ball, location: 3DF
1-1: Ball
2-1: Foul Ball, location: 2F
2-2: Foul Ball, location: 9LMF
2-2: Fly out, F3 (Popup, 3L, EV 72.5 MPH)
Batting: RHB Mike Shaw 0-0: Ball
1-0: Called Strike
1-1: Called Strike
1-2: Foul Ball, location: 2F
1-2: Ball
2-2: Strikes out swinging
Batting: RHB Jesús Reyes 0-0: Ball
1-0: Hit by Pitch
Batting: RHB Jorge Gómez 0-0: Ball
1-0: Called Strike
1-1: Ball
2-1: Ball
3-1: Ground out 6-3 (Groundball, 6S, EV 84.4 MPH)
Top of the 8th over - 0 runs, 0 hits, 0 errors, 1 left on base; FCL Kansas City 11 - FCL Tampa Bay 3
BOTTOM OF THE 8TH
FCL Tampa Bay Rays batting - Pitching for FCL Kansas City Royals : RHP Rob Harper
Batting: LHB Alex Kirby 0-0: Called Strike
0-1: Swinging Strike
0-2: Foul Ball, location: 2F
0-2: Ball
1-2: Foul Ball, location: 3F
1-2: Foul Ball, location: 3FF
1-2: Foul Ball, location: 2F
1-2: Strikes out swinging
Pitching: RHP Orlando Medina
Batting: RHB Juan Valentín 0-0: Ball
1-0: Fly out, F3 (Popup, 34S, EV 86.3 MPH)
Pinch Hitting: SHB Jorge López 0-0: Ground out 6-3 (Groundball, 6, EV 101.9 MPH)
Bottom of the 8th over - 0 runs, 0 hits, 0 errors, 0 left on base; FCL Kansas City 11 - FCL Tampa Bay 3
TOP OF THE 9TH
FCL Kansas City Royals batting - Pitching for FCL Tampa Bay Rays : RHP Eddie Gibson
Pitching: RHP Mario Tejada
Now in LF: Jorge Figueroa
Now in CF: Jorge López
Pinch Hitting: LHB Orlando Pantoja 0-0: Called Strike
0-1: Fly out, F8 (Flyball, 8RD, EV 94.4 MPH)
Pinch Hitting: RHB Jorge Trujillo 0-0: Ball
1-0: Ball
2-0: Ball
3-0: Base on Balls
Batting: LHB Jimmy Prince 0-0: Ball
1-0: Ball
2-0: Swinging Strike
2-1: Foul Ball, location: 23FF
2-2: Foul Ball, location: 2F
2-2: Ball
3-2: Base on Balls
Jorge Trujillo to second
Batting: RHB Jorge Rivera 0-0: Called Strike
0-1: Called Strike
0-2: Ball
1-2: Foul Ball, location: 2F
1-2: Ball
2-2: Ball
3-2: Base on Balls
Jorge Trujillo to third
Jimmy Prince to second
Batting: RHB Héctor Cortéz 0-0: Ball
1-0: Grounds into fielders choice 6-2 (Groundball, 56, EV 106.9 MPH)
Jimmy Prince to third
Jorge Rivera to second
Pinch Hitting: LHB Jon Thompson 0-0: Foul Ball, location: 2F
0-1: Swinging Strike
0-2: Ground out U3 (Groundball, 3S, EV 81.9 MPH)
Top of the 9th over - 0 runs, 0 hits, 0 errors, 3 left on base; FCL Kansas City 11 - FCL Tampa Bay 3
BOTTOM OF THE 9TH
FCL Tampa Bay Rays batting - Pitching for FCL Kansas City Royals : RHP Orlando Medina
Now at 1B: Jorge Trujillo
Now in CF: Jon Thompson
Now in RF: Jorge Santana
Pinch Hitting: RHB Rodrigo Gabriel 0-0: Ball
1-0: Swinging Strike
1-1: Swinging Strike
1-2: Ball
2-2: Strikes out swinging
Batting: RHB José Martínez 0-0: Ball
1-0: SOLO HOME RUN (Flyball, 78XD, EV 108.8 MPH), Distance : 422 ft
Batting: RHB Jim Lloyd 0-0: Called Strike
0-1: Called Strike
0-2: Ground out 5-3 (Groundball, 56, EV 103.8 MPH)
Pinch Hitting: RHB Juan Flores 0-0: Called Strike
0-1: Foul Ball, location: 3F
0-2: Strikes out looking
Bottom of the 9th over - 1 run, 1 hit, 0 errors, 0 left on base; FCL Kansas City 11 - FCL Tampa Bay 4
Friday, May 3rd , 2024 - OOTP Baseball 24.10 Build 82